 Dungeon Crawl Stone Soup version 0.22.1-1-ga44c0e56f4 (webtiles) character file.

89663 Jerry the Fencer (level 15, -12/113 HPs)
             Began as a Demigod Gladiator on Oct 20, 2018.
             Mangled by a thrashing horror (16 damage)
             ... on level 3 of the Abyss.
             The game lasted 02:21:16 (25871 turns).

Jerry the Fencer (Demigod Gladiator)               Turns: 25871, Time: 02:21:16

Health: -12/113    AC: 16    Str: 25      XL:     15   Next: 9%
Magic:  5/23       EV: 26    Int: 13 (15) God:
Gold:   1550       SH:  0    Dex: 23 (26) Spells: 8/19 levels left

rFire    + . .     SeeInvis +   w - +7 scimitar (vamp)
rCold    + . .     Gourm    +   (no shield)
rNeg     . . .     Faith    .   z - +0 troll leather armour
rPois    +         Spirit   .   c - +1 helmet
rElec    .         Reflect  .   p - scarf {rC+ rF+}
rCorr    .         Harm     .   X - +0 pair of gloves
MR       +....                  P - +1 pair of boots {Stlth+}
Stlth    ++++++....             k - amulet of the gourmand
HPRegen  0.68/turn              b - ring "Bolax" {Wiz Int+3}
MPRegen  0.18/turn              s - ring "Votiran" {rPois Dex+4 SInv}

@: agile
A: iridescent scales 2, clever 1, [clumsy 1], deterioration 1, [dopey 1], [frail
1], high mp 1, [no potion heal 1], [subdued magic 2]
a: no special abilities


You were on level 3 of the Abyss.
You were completely stuffed.

You visited 3 branches of the dungeon, and saw 22 of its levels.
You visited the Abyss 1 time.
You also visited: Labyrinth and Volcano.

You collected 3163 gold pieces.
You spent 1613 gold pieces at shops.

Inventory:

Hand Weapons
 w - a +7 vampiric scimitar (weapon)
 E - a +6 blowgun
 J - the +11 dagger "Nutiwnae" {pierce, +Rage Int-4 Dex+8 Stlth+}
   (You bought it in a shop on level 2 of the Orcish Mines)

   It inflicts extra damage upon your enemies.
   It affects your intelligence (-4).
   It affects your dexterity (+8).
   It lets you go berserk.
   It makes you more stealthy.
Missiles
 i - 120 poisoned needles
 M - 10 curare-tipped needles
 N - 4 needles of sleeping
 Q - a throwing net (quivered)
Armour
 c - a +1 helmet (worn)
 d - the +3 warlock's mirror {reflect}
   (You bought it in a shop on level 2 of the Orcish Mines)
 h - the +3 scale mail of Wisdom {SInv, unknown}
   (You found it on level 13 of the Dungeon)

   It lets you see invisible.
 p - a scarf of resistance (worn)
 z - a +0 troll leather armour (worn)
 I - a +0 ring mail of magic resistance
 P - a +1 pair of boots of stealth (worn)
 X - a +0 pair of gloves (worn)
Jewellery
 b - the ring "Bolax" (left hand) {Wiz Int+3}
   (You took it off a minotaur in a labyrinth)

   [ring of wizardry]

   It improves your spell success rate.
   It affects your intelligence (+3).
 k - an amulet of the gourmand (around neck)
 s - the ring "Votiran" (right hand) {rPois Dex+4 SInv}
   (You found it on level 12 of the Dungeon)

   [ring of poison resistance]

   It affects your dexterity (+4).
   It protects you from poison.
   It lets you see invisible.
 R - an uncursed amulet of faith {unknown}
Wands
 o - a wand of scattershot (7)
 y - a wand of enslavement (14)
 B - a wand of acid (26)
 K - a wand of iceblast (46)
 L - a wand of digging (34)
 O - a wand of flame (111)
 V - a wand of paralysis (5)
Scrolls
 a - 3 scrolls of amnesia
 j - 7 scrolls of teleportation
 m - 6 scrolls of blinking
 q - a scroll of magic mapping
 u - 2 scrolls of enchant armour
 x - 3 scrolls of fear
 C - 2 scrolls of fog
 U - 2 scrolls of immolation
 W - 9 scrolls of remove curse
Potions
 n - 6 potions of flight
 r - 5 potions of brilliance
 t - 9 potions of curing
 v - 5 potions of resistance
 G - 3 potions of haste
 H - a potion of cancellation
 Z - 2 potions of mutation
Miscellaneous
 F - a lamp of fire
 S - a box of beasts
 T - a fan of gales
 Y - 2 phantom mirrors
Comestibles
 f - 43 rations
 g - a chunk of flesh


   Skills:
 + Level 9.9 Fighting
 + Level 15.3 Long Blades
 - Level 3.0 Throwing
 + Level 10.8 Armour
 - Level 9.6 Dodging
 - Level 8.0 Stealth
 - Level 5.0 Shields
 - Level 2.9 Spellcasting
 - Level 3.2 Charms
 - Level 4.4 Necromancy
 - Level 2.5 Translocations


You had 8 spell levels left.
You knew the following spells:

 Your Spells              Type           Power        Failure   Level  Hunger
a - Regeneration          Chrm/Necr      #.........   4%          3    ###....
b - Summon Small Mammal   Summ           #...         8%          1    #......
c - Animate Dead          Necr           N/A          12%         4    #####..
d - Lesser Beckoning      Tloc           #.........   8%          3    ###....

Your spell library contained the following spells:

 Spells                   Type           Power        Failure   Level  Hunger
 Apportation              Tloc           #.....       2%          1    #......
 Vampiric Draining        Necr           #.........   3%          3    ###....
 Flame Tongue             Conj/Fire      #....        8%          1    #......
 Summon Butterflies       Summ           #.......     8%          1    #......
 Call Imp                 Summ           #.......     12%         2    ###....
 Searing Ray              Conj           #.....       12%         2    ###....
 Recall                   Summ/Tloc      N/A          13%         3    ###....
 Call Canine Familiar     Summ           #.......     24%         3    ###....
 Dazzling Spray           Conj/Hex       #.....       24%         3    ###....
 Ignite Poison            Fire/Tmut/Pois #.......     24%         3    ###....
 Static Discharge         Conj/Air       #.......     24%         3    ###....
 Summon Guardian Golem    Hex/Summ       #.......     24%         3    ###....
 Tukima's Dance           Hex            #.......     24%         3    ###....
 Dispel Undead            Necr           #.......     34%         5    ######.
 Force Lance              Conj/Tloc      #.......     43%         4    #####..
 Ice Form                 Ice/Tmut       #.......     61%         4    #####..
 Summon Ice Beast         Ice/Summ       #.......     61%         4    #####..
 Summon Lightning Spire   Summ/Air       #.......     61%         4    #####..
 Borgnjor's Vile Clutch   Necr/Erth      #.........   65%         5    ######.
 Iskenderun's Battlesphe  Conj/Chrm      #.......     73%         5    ######.
 Death Channel            Necr           #.........   89%         6    #######
 Alistair's Intoxication  Tmut/Pois      #.......     91%         5    ######.
 Bolt of Magma            Conj/Fire/Erth #.........   91%         5    ######.
 Fireball                 Conj/Fire      #.........   91%         5    ######.
 Metabolic Englaciation   Hex/Ice        #.........   91%         5    ######.
 Venom Bolt               Conj/Pois      #.........   91%         5    ######.
 Simulacrum               Ice/Necr       #.........   99%         6    #######
 Bolt of Cold             Conj/Ice       #.........   100%        6    #######
 Bolt of Fire             Conj/Fire      #.........   100%        6    #######
 Freezing Cloud           Conj/Ice/Air   #.........   100%        6    #######
 Invisibility             Hex            #.......     100%        6    #######
 Iron Shot                Conj/Erth      #.........   100%        6    #######
 Ozocubu's Refrigeration  Ice            #.........   100%        6    #######
 Orb of Destruction       Conj           #.........   100%        7    #######
 Ring of Flames           Chrm/Fire      #.........   100%        7    #######
 Spellforged Servitor     Conj/Summ      #.........   100%        7    #######
 Ignition                 Fire           #.........   100%        8    #######


Dungeon Overview and Level Annotations

Branches:
Dungeon (14/15)            Temple (0/1) D:4            Lair (6/6) D:10
 Shoals (0/4) Lair:2       Spider (0/4) Lair:4        Slime (0/5) Lair:5
    Orc (2/2) D:12            Elf (0/3) Orc:2
 Vaults: D:13-14

Shops:
D:13 !   Orc:2 ([[!

Annotations:
D:9 2 transporters, bananovenc's ghost, novice GrBe
D:14 Louise


Innate Abilities, Weirdness & Mutations

You have an increased reservoir of magic. (+10% MP)
You are mostly covered in iridescent scales. (AC +4)
Your mind is acute. (Int +2)
Your body sometimes deteriorates upon taking damage.
[You are clumsy. (Dex -2)]
[You are dopey. (Int -2)]
[You are frail. (-10% HP)]
[Potions are less effective at restoring your health.]
[Your spells are easier to cast, but less powerful.]


Message History

The thrashing horror completely misses you.
The thrashing horror misses you. x2
The thrashing horror completely misses you.
The lorocyproca hits you!
* * * LOW HITPOINT WARNING * * *
You feel your power leaking away.
You slice the lorocyproca!!
You kill the lorocyproca!
You feel your strength returning.
You feel the corruption within you wane somewhat.
You feel a little more calm.
You begin to regenerate regardless of the presence of monsters.
You feel agile. The thrashing horror tramples you!
* * * LOW HITPOINT WARNING * * *
You hold your ground!
The thrashing horror tramples you.
* * * LOW HITPOINT WARNING * * *
You hold your ground!
The thrashing horror tramples you!
You die...

#. . # .. .# .#
##.#. ... ...#
.#.....# #....#.#
.. . # # ..#..#.
..# ## ##. # ..#
.. . .. # #. #
##..### .##
#..#..#.##@#..# .
#.# .# ##.#X#. #..
..
.....#.#..###...##
#.. .#.....# #
#.....### #..#.. ♣
. ...#.### ≈.#
####....#.. .≈.#
#....# .## #.#


You could see a thrashing horror.

Vanquished Creatures
  2 orc warlords (Orc:2)
  A lorocyproca (Abyss:3)
  Snorg (Lair:5)
  A minotaur (Lab)
  A fire dragon (D:12)
  Fannar (Lair:3)
  Harold (D:6)
  4 hydras
  3 catoblepae (Lair:6)
  3 centaur warriors
  2 two-headed ogres
  Urug (D:10)
  A hell hog (Volcano)
  15 death yaks
  Sonja (Lair:5)
  2 orc high priests (Orc:2)
  A fire crab (Volcano)
  2 thrashing horrors (Abyss:3)
  3 wretched stars (Abyss:3)
  A wizard (D:14)
  An orange crystal statue (D:12)
  4 oklob plants (Lair:4)
  2 orc knights
  An orb spider (Lair:4)
  5 orc sorcerers (Orc:1)
  A deep elf mage (D:13)
  3 manticores
  3 large abominations (Abyss:3)
  2 ugly things
  Joseph (D:13)
  18 elephants
  3 black mambas
  A centaur skeleton (D:13)
  9 spiny frogs
  2 molten gargoyles (Volcano)
  3 rime drakes
  2 kobold demonologists
  9 komodo dragons
  11 trolls
  2 hornets
  A wind drake (Abyss:3)
  10 blink frogs
  10 hippogriffs
  Grinder (D:6)
  4 raiju (Abyss:3)
  A ynoxinul (Abyss:3)
  2 vampires
  3 wraiths
  2 hogs (D:12)
  3 basilisks
  13 fire bats
  2 wyverns
  28 yaks
  2 vampire mosquitoes (D:14)
  A chaos spawn (Abyss:3)
  A human (D:12)
  2 hungry ghosts
  Grum (D:8)
  5 wargs
  3 hell hounds
  A soldier ant (D:13)
  9 water moccasins
  18 porcupines
  A swamp drake (D:12)
  4 phantoms
  40 orc warriors
  5 sky beasts
  3 ice beasts
  A black bear (Lair:4)
  10 wolves
  8 ogres
  17 centaurs
  11 crocodiles
  21 big kobolds
  Blork the orc (D:4)
  10 bullfrogs
  2 gnoll sergeants
  A wyvern skeleton (D:13)
  3 scorpions
  10 wights
  5 killer bees (D:11)
  7 howler monkeys
  9 crimson imps
  2 bullfrog zombies
  2 centaur zombies
  8 hounds
  17 orc priests
  4 lava snakes (Volcano)
  4 jellies
  2 bullfrog skeletons
  An iron imp (Abyss:3)
  5 iguanas
  37 orc wizards
  7 worker ants
  A hound zombie (D:7)
  3 worker ant zombies
  12 adders
  12 gnolls
  A howler monkey zombie (D:5)
  12 white imps (Lair:5)
  An adder skeleton (D:7)
  2 adder zombies
  2 dart slugs (D:1)
  A worm (D:2)
  5 leopard geckos
  117 orcs
  8 bats
  5 giant cockroaches
  5 goblins (D:1)
  6 hobgoblins
  8 jackals
  25 kobolds
  5 quokkas
  A ball python (D:3)
  A frilled lizard (D:1)
  A leopard gecko zombie (D:8)
  A quokka skeleton (D:4)
  9 rats
  A fungus (Lair:2)
  A plant (Lair:4)
757 creatures vanquished.

Vanquished Creatures (collateral kills)
  An orc knight (Orc:1)
  A troll (Orc:1)
  An orc priest (Orc:2)
  An orc (Orc:1)
4 creatures vanquished.

Vanquished Creatures (others)
  A white imp (Abyss:3)
  2 orcs (Orc:2)
  A bat (D:3)
  5 fungi (Lair:5)
  9 plants
  4 starspawn tentacles (Abyss:3)
22 creatures vanquished.

Grand Total: 783 creatures vanquished

Notes
Turn   | Place    | Note
-------+----------+-------------------------------------------
     0 | D:1      | Jerry the Demigod Gladiator began the quest for the Orb.
     0 | D:1      | Reached XP level 1. HP: 17/17 MP: 3/3
    33 | D:1      | Reached skill level 3 in Long Blades
   146 | D:1      | Reached XP level 2. HP: 24/24 MP: 4/4
   457 | D:1      | Reached skill level 1 in Armour
   457 | D:1      | Reached XP level 3. HP: 29/29 MP: 5/5
   472 | D:1      | Reached skill level 1 in Stealth
  1002 | D:2      | Found a faded altar of an unknown god.
  1924 | D:3      | Reached XP level 4. HP: 30/36 MP: 6/6
  2190 | D:3      | Reached skill level 4 in Long Blades
  2319 | D:3      | Gained mutation: You are partially covered in iridescent
                  | scales. (AC +2) [potion of mutation]
  2319 | D:3      | Gained mutation: You are mostly covered in iridescent
                  | scales. (AC +4) [potion of mutation]
  2319 | D:3      | Gained mutation: Your body sometimes deteriorates upon
                  | taking damage. [potion of mutation]
  2319 | D:3      | Gained mutation: Your mind is acute. (Int +2) [potion of
                  | mutation]
  2610 | D:4      | Noticed Blork the orc
  2633 | D:4      | Killed Blork the orc
  2633 | D:4      | Reached XP level 5. HP: 30/41 MP: 7/7
  2868 | D:4      | Found a staircase to the Ecumenical Temple.
  3048 | D:4      | Reached skill level 5 in Long Blades
  3070 | D:4      | Reached XP level 6. HP: 43/49 MP: 8/8
  3572 | D:5      | Entered Level 5 of the Dungeon
  3878 | D:5      | Reached skill level 6 in Long Blades
  4238 | D:6      | Reached XP level 7. HP: 51/56 MP: 9/9
  4924 | D:6      | Reached skill level 7 in Long Blades
  5215 | D:6      | Noticed Grinder
  5231 | D:6      | Killed Grinder
  5231 | D:6      | Reached XP level 8. HP: 52/63 MP: 10/10
  5536 | D:6      | Reached skill level 8 in Long Blades
  6236 | D:7      | Noticed a hippogriff
  6253 | D:7      | Killed a hippogriff
  6379 | D:7      | Noticed Harold
  6404 | D:6      | Killed Harold
  6404 | D:6      | Reached skill level 9 in Long Blades
  6404 | D:6      | Reached XP level 9. HP: 44/71 MP: 11/11
  6812 | D:7      | Reached skill level 5 in Armour
  6978 | D:8      | Reached skill level 10 in Long Blades
  7037 | D:8      | Noticed Grum
  7057 | D:8      | Killed Grum
  7836 | D:9      | Reached skill level 5 in Stealth
  7843 | D:9      | Reached XP level 10. HP: 68/80 MP: 13/13
  8630 | D:9      | Found a glowing silver altar of Zin.
  8631 | D:9      | Found a blossoming altar of Fedhas.
  8631 | D:9      | Found an ancient bone altar of Kikubaaqudgha.
  8632 | D:9      | Found a basalt altar of Yredelemnul.
  8761 | D:9      | Noticed a skeletal warrior
  8789 | D:9      | Found a transporter.
  8790 | D:9      | Noticed bananovenc's ghost (novice GrBe)
  8794 | D:9      | Found a transporter.
  9276 | D:10     | Entered Level 10 of the Dungeon
  9327 | D:10     | Noticed Urug
  9371 | D:10     | Killed Urug
  9371 | D:10     | Reached skill level 5 in Fighting
  9371 | D:10     | Reached skill level 11 in Long Blades
  9655 | D:10     | Identified the Compendium of Attacks
  9703 | D:10     | Reached skill level 5 in Dodging
  9760 | D:10     | Noticed a two-headed ogre
  9792 | D:10     | Killed a two-headed ogre
  9961 | D:10     | Found a staircase to the Lair.
 10375 | D:10     | Reached XP level 11. HP: 79/89 MP: 14/14
 10542 | Lair:1   | Entered Level 1 of the Lair of Beasts
 10667 | Lair:1   | Found a labyrinth entrance.
 10682 | Lab      | Entered a labyrinth
 10828 | Lab      | Noticed a minotaur
 10841 | Lab      | Killed a minotaur
 10843 | Lab      | Got a fine turquoise ring
 10894 | Lab      | Identified the ring "Bolax" {Wiz Int+3} (You took it off a
                  | minotaur in a labyrinth)
 11107 | Lair:1   | Reached skill level 12 in Long Blades
 11538 | Lair:2   | Noticed an eight-headed hydra
 11551 | Lair:2   | Killed an eight-headed hydra
 11559 | Lair:2   | Found a staircase to the Shoals.
 11574 | Lair:2   | Identified the Grimoire of Inference
 11580 | Lair:2   | Learned a level 3 spell: Regeneration
 12604 | Lair:2   | Reached skill level 1 in Necromancy
 12688 | Lair:3   | Reached skill level 1 in Spellcasting
 12741 | Lair:3   | Reached skill level 1 in Charms
 13136 | Lair:3   | Reached XP level 12. HP: 93/100 MP: 17/17
 13737 | Lair:3   | Noticed Fannar
 13756 | Lair:3   | Killed Fannar
 14203 | Lair:3   | Reached skill level 13 in Long Blades
 14458 | Lair:4   | Noticed a six-headed hydra
 14560 | Lair:4   | Found a hole to the Spider Nest.
 14852 | Lair:4   | Killed a six-headed hydra
 14985 | Lair:4   | Noticed a four-headed hydra
 14999 | Lair:4   | Killed a four-headed hydra
 15693 | Lair:4   | HP: 5/101 [acid (11)]
 16289 | Lair:5   | Noticed Sonja
 16300 | Lair:4   | Reached XP level 13. HP: 89/107 MP: 21/21
 16454 | Lair:5   | Noticed Snorg
 16466 | Lair:5   | Found a dark tunnel.
 16489 | Lair:5   | Killed Snorg
 16507 | Volcano  | Entered a volcano
 16705 | Volcano  | Found a burning altar of Makhleb.
 17335 | Lair:5   | Learned a level 1 spell: Summon Small Mammal
 17617 | Lair:4   | Reached skill level 14 in Long Blades
 17718 | Lair:5   | Killed Sonja
 17987 | Lair:5   | Found a staircase to the Slime Pits.
 17988 | Lair:5   | Found a viscous altar of Jiyva.
 18309 | Lair:6   | Entered Level 6 of the Lair of Beasts
 19322 | Lair:6   | Reached XP level 14. HP: 113/118 MP: 22/22
 20986 | D:12     | Found an opulent altar of Gozag.
 21079 | D:12     | Found the +7 great mace "Firestarter" {inner flame, rF++}
 21353 | D:12     | Found a staircase to the Orcish Mines.
 21693 | D:12     | Got a flickering amber ring
 21694 | D:12     | Identified the ring "Votiran" {rPois Dex+4 SInv} (You found
                  | it on level 12 of the Dungeon)
 21736 | D:12     | Learned a level 4 spell: Animate Dead
 21740 | D:12     | Learned a level 3 spell: Lesser Beckoning
 21797 | Orc:1    | Entered Level 1 of the Orcish Mines
 21969 | Orc:1    | Reached skill level 1 in Translocations
 22262 | Orc:2    | Entered Level 2 of the Orcish Mines
 22262 | Orc:2    | Noticed an orc warlord
 22272 | Orc:1    | Reached skill level 10 in Armour
 22479 | Orc:2    | Killed an orc warlord
 22527 | Orc:2    | Found a staircase to the Elven Halls.
 23313 | Orc:2    | Found a roughly hewn altar of Beogh.
 23408 | Orc:2    | Found a roughly hewn altar of Beogh.
 23454 | Orc:2    | Reached skill level 15 in Long Blades
 23527 | Orc:2    | Found a roughly hewn altar of Beogh.
 23614 | Orc:2    | Found Kyrex's Distillery.
 23789 | Orc:2    | Found a roughly hewn altar of Beogh.
 23985 | Orc:2    | Found Fuwniti's Armour Shop.
 24026 | Orc:2    | Noticed an orc warlord
 24143 | Orc:2    | Killed an orc warlord
 24275 | Orc:2    | Found Syudop's Antique Weapon Shoppe.
 24276 | Orc:2    | Found a roughly hewn altar of Beogh.
 24279 | Orc:2    | Found Fyvem's Antique Armour Emporium.
 24310 | Orc:2    | Bought a faintly glowing leather armour for 210 gold pieces
 24316 | Orc:2    | Bought a smoking dagger for 203 gold pieces
 24318 | Orc:2    | Identified the +11 dagger "Nutiwnae" {pierce, +Rage Int-4
                  | Dex+8 Stlth+} (You bought it in a shop on level 2 of the
                  | Orcish Mines)
 24319 | Orc:2    | Identified the cursed +1 leather armour "Vozugh" {Str+4}
                  | (You bought it in a shop on level 2 of the Orcish Mines)
 24325 | Orc:2    | Bought the +3 warlock's mirror {reflect} for 1200 gold
                  | pieces
 24325 | Orc:2    | Found the +3 warlock's mirror {reflect}
 24492 | D:13     | Reached skill level 1 in Shields
 24511 | D:13     | Found Punekh's Distillery.
 24681 | D:13     | Got an ancient scale mail
 24768 | D:13     | Noticed Joseph
 24781 | D:13     | Killed Joseph
 25361 | D:14     | Found a glowing golden altar of the Shining One.
 25388 | D:14     | Noticed Louise
 25394 | D:14     | Cast into level 3 of the Abyss (Louise)
 25519 | Abyss:3  | HP: 4/95 [large abomination (16)]
 25520 | Abyss:3  | Reached XP level 15. HP: 4/100 MP: 23/23
 25715 | Abyss:3  | Found a corrupted altar of Lugonu.
 25799 | Abyss:3  | Noticed a tentacled starspawn
 25847 | Abyss:3  | Reached skill level 5 in Shields
 25870 | Abyss:3  | HP: 4/113 [thrashing horror (2)]
 25871 | Abyss:3  | Mangled by a thrashing horror

Skill      XL: |  1  2  3  4  5  6  7  8  9 10 11 12 13 14 15 |
---------------+----------------------------------------------+-----
Long Blades    | 3 4 5 6 7 9 10 11 12 13 14 15 | 15.3
Armour         | 1 2 3 4 5 6 7 8 9 10 | 10.8
Stealth        | 1 2 3 4 5 6 7 8 |  8.0
Fighting       | 2 3 4 5 7 8 9 |  9.9
Dodging        | 3 4 5 6 7 8 9 |  9.6
Throwing       | 2 3 |  3.0
Necromancy     | 1 3 4 |  4.4
Spellcasting   | 1 2 |  2.9
Charms         | 1 3 |  3.2
Translocations | 2 |  2.5
Shields        | 4 5 |  5.0

Action                   |  1- 3 |  4- 6 |  7- 9 | 10-12 | 13-15 || total
-------------------------+-------+-------+-------+-------+-------++-------
Melee: Long sword        |   124 |   159 |    44 |       |       ||   327
       Scimitar          |       |       |   281 |   734 |  1485 ||  2500
       Rapier            |       |       |       |    12 |     8 ||    20
 Fire: Blowgun           |       |     4 |       |     6 |       ||    10
Throw: Throwing net      |       |     3 |     1 |     1 |     2 ||     7
 Cast: Regeneration      |       |       |       |     4 |    11 ||    15
       Animate Dead      |       |       |       |       |     5 ||     5
Evoke: Wand              |       |       |       |     6 |     9 ||    15
       Box of beasts     |       |       |       |     1 |       ||     1
  Use: Scroll            |       |    13 |     8 |    11 |     9 ||    41
       Potion            |       |     1 |       |     4 |    12 ||    17
 Stab: Sleeping          |     3 |     1 |     1 |    25 |    24 ||    54
       Held in net/web   |       |     1 |       |     3 |       ||     4
       Distracted        |       |       |     1 |       |     4 ||     5
       Invisible         |       |       |       |     5 |       ||     5
       Confused          |       |       |       |       |     2 ||     2
  Eat: Chunk             |     3 |    25 |    16 |    39 |    48 ||   131
Armor: Leather armour    |    38 |    38 |       |       |       ||    76
       Robe              |       |     2 |     5 |       |       ||     7
       Ring mail         |       |       |    71 |    17 |       ||    88
       Troll leather arm |       |       |       |   191 |   413 ||   604
       Fire dragon scale |       |       |       |       |     5 ||     5
Dodge: Dodged            |   109 |   106 |   194 |   447 |  1333 ||  2189
       Rpst.: Long sword |    37 |    33 |     6 |       |       ||    76
       Scimitar          |       |       |    52 |   119 |   347 ||   518
